 Dungeon Crawl Stone Soup version 0.30.0-3-ga4e48a9924 (webtiles) character file.

Game seed: 18218471597845567387

16875 Jase the Severer (level 12, -9/110 HPs)
             Began as a Hill Orc Fighter on May 7, 2023.
             Was a High Priest of Qazlal.
             Killed from afar by an acid dragon (21 damage)
             ... with a splash of acid
             ... on level 10 of the Dungeon.
             The game lasted 00:37:51 (12104 turns).

Jase the Severer (Hill Orc Fighter)                Turns: 12104, Time: 00:37:51

Health: -9/110     AC: 25    Str: 27    XL:     12   Next: 42%
Magic:  20/20      EV: 12    Int:  8    God:    Qazlal [*****.]
Gold:   602        SH:  6    Dex: 10    Spells: 11/11 levels left

rFire   . . .        a - +3 war axe
rCold   . . .        (no shield)
rNeg    . . .        P - +0 plate armour
rPois   +            (no helmet)
rElec   .            (no cloak)
rCorr   .            I - +0 pair of gloves {Str+3}
SInv    +            L - +1 pair of boots {Fly}
Will    .....        J - amulet of magic regeneration Stlth
                     o - +5 ring of evasion
HPRegen 0.38/turn    O - ring "Ytitarac" {Fly rPois AC+4 SInv}
MPRegen 0.57/turn

%: repel missiles
@: mighty, protected from physical damage, on berserk cooldown, flying, slowed,
studying Summonings, very slow
A: no striking features
a: Renounce Religion, Upheaval, Elemental Force, Disaster Area


You were on level 10 of the Dungeon.
You worshipped Qazlal.
Qazlal was extremely pleased with you.
You visited 1 branch of the dungeon, and saw 10 of its levels.
You also visited: Bailey.

You collected 1431 gold pieces.
You spent 829 gold pieces at shops.

Inventory:

Hand Weapons
 a - a +3 war axe (weapon)
 b - a +0 triple crossbow
 c - a +2 whip of electrocution
Missiles
 r - 28 poisoned darts (quivered)
Armour
 I - a +0 pair of gloves of strength (worn)
 L - a +1 pair of boots of flying (worn)
 P - a +0 plate armour (worn)
Jewellery
 l - a ring of fire
 o - a +5 ring of evasion (left hand)
 F - a ring of positive energy
 J - an amulet of magic regeneration (around neck)
 M - the ring "Nesaemui" {rElec rF- rC++ MP-9 AC+4}
   (You found it in a bailey)

   [ring of protection]

   AC:        It affects your AC (+4).
   rF:        It makes you vulnerable to fire.
   rC:        It greatly protects you from cold.
   rElec:     It insulates you from electricity.
   MP:        It affects your magic capacity (-9).
 O - the ring "Ytitarac" (right hand) {Fly rPois AC+4 SInv}
   (You bought it in a shop on level 5 of the Dungeon)

   [ring of protection]

   AC:        It affects your AC (+4).
   rPois:     It protects you from poison.
   SInv:      It lets you see invisible.
   Fly:       It grants you flight.
Wands
 y - a wand of flame (12)
 N - a wand of polymorph (7)
Scrolls
 e - 2 scrolls of silence
 f - a scroll of poison {unknown}
 h - 5 scrolls of teleportation {unknown}
 i - 3 scrolls of immolation
 m - 5 scrolls of blinking {unknown}
 p - a scroll of brand weapon {unknown}
 q - a scroll of butterflies
 s - 2 scrolls of fog {unknown}
 t - a scroll of torment {unknown}
 w - 2 scrolls of enchant weapon {unknown}
 A - 2 scrolls of enchant armour {unknown}
 D - a scroll of acquirement {unknown}
 E - a scroll of magic mapping {unknown}
 G - 3 scrolls of fear {unknown}
Potions
 d - 3 potions of might
 g - 3 potions of flight
 j - 2 potions of attraction
 k - 7 potions of curing
 u - a potion of brilliance
 v - 5 potions of heal wounds {unknown}
 x - 3 potions of lignification {unknown}
 z - 2 potions of resistance
 B - a potion of magic
 C - a potion of haste
 H - a potion of ambrosia
Miscellaneous
 K - a lightning rod (4/4)


   Skills:
 + Level 11.6 Fighting
 - Level 16.0 Axes
 + Level 2.3 Ranged Weapons
 + Level 10.7 Armour
 - Level 3.2 Shields
 + Level 11.1 Invocations


You had 11 spell levels left.
You didn't know any spells.
Your spell library contained the following spells:

 Spells                   Type           Power      Damage    Failure   Level
 Foxfire                  Conj/Fire      0%         2x1d4     98%         1
 Magic Dart               Conj           0%         1d3       98%         1
 Necrotise                Necr           0%         1d4       98%         1
 Call Imp                 Summ           0%         N/A       99%         2
 Ensorcelled Hibernation  Hex/Ice        0%         N/A       99%         2
 Passwall                 Tmut/Erth      0%         N/A       99%         2
 Mephitic Cloud           Conj/Pois/Air  0%         N/A       100%        3
 Swiftness                Air            0%         N/A       100%        3
 Vampiric Draining        Necr           0%         2d6       100%        3
 Vhi's Electric Charge    Tloc/Air       0%         N/A       100%        3
 Olgreb's Toxic Radiance  Pois           0%         N/A       100%        4
 Agony                    Necr           0%         N/A       100%        5
 Arcjolt                  Conj/Air       0%         1d10      100%        5
 Fireball                 Conj/Fire      0%         3d3       100%        5
 Iskenderun's Battlesphe  Conj           0%         2d6       100%        5
 Conjure Ball Lightning   Conj/Air       0%         3x3d6     100%        6
 Plasma Beam              Fire/Air       0%         2x1d11    100%        6
 Starburst                Conj/Fire      0%         6d3       100%        6
 Orb of Destruction       Conj           0%         9d5       100%        7
 Discord                  Hex            0%         N/A       100%        8
 Ignition                 Fire           0%         3d3       100%        8
 Maxwell's Capacitive Co  Air            0%         ∞         100%        8


Dungeon Overview and Level Annotations

Branches:
Dungeon (10/15)            Temple (0/1) D:7            Lair (0/5) D:10
    Orc (0/2) D:9          Bailey (visited)

Altars:
Elyvilon
Hepliaklqana
Kikubaaqudgha
Qazlal
Ru
Yredelemnul
Zin

Shops:
D:5 (=*?

Annotations:
D:2 1 runed translucent door, Crazy Yiuf
D:6 3 runed translucent doors, Huckebein's ghost, novice NaDe
D:9 exclusion: obsidian statue


Message History

You closely miss the acid dragon.
You hear a deafening roar!
You hear a shout!
The acid dragon closely misses you.
The acid dragon claws you but does no damage.
You hear a horrible gurgling sound!
You hear a howl!
You slash the acid dragon!
The acid dragon is moderately wounded.
You barely miss the acid dragon.
The acid dragon is moderately wounded.
A boulder beetle comes into view.
The acid dragon bites you but does no damage.
The acid dragon claws you but does no damage.
You closely miss the acid dragon.
The acid dragon is moderately wounded.
You hear a shout!
You hit the acid dragon.
The acid dragon is heavily wounded.
You closely miss the acid dragon.
The acid dragon is heavily wounded.
You are no longer berserk.
You are exhausted.
You feel yourself slow down.
The acid dragon bites you but does no damage.
The acid dragon claws you but does no damage.
You feel very mighty all of a sudden.
You hear a horrible gurgling sound!
The boulder beetle curls into a ball and begins rolling!
You block the acid dragon's attack.
The acid dragon claws you but does no damage.
Unknown command.
You barely miss the acid dragon.
The acid dragon is heavily wounded.
You hear a deafening roar!
You hear a horrible gurgling sound!
The acid dragon bites you but does no damage.
The acid dragon barely misses you.
You slash the acid dragon!
The acid dragon is almost dead.
The acid dragon spits acid at you. The splash of acid hits you!!
You die...

..#........[....#..#####.........
..#.....#######....# ##..#######
.......## .##...####..##.....#
......## #.##.......##.......
..#..## #..#########........
.##..# #..#.....#......... .##..#
#..#.....#......... ###..#
#.○)°#.#........... ##...#
#.@#.....#......... .....#
#BD.#.....#......... ###..##
#○☼#########........ #...## #°.#
##..).... #....## .°.# ##..)..#
#..#..# #.## ###)### #..##.#.$.
##.#.## ###.....#.. #)#.#.#
........# ##.#.##


You could see a boulder beetle (rolling) and an acid dragon (catching breath).

Vanquished Creatures
  Erolcha (D:10)
  A catoblepas (D:10)
  A centaur warrior (D:10)
  A boulder beetle (D:10)
  3 two-headed ogres (D:10)
  Pikel (D:7)
  An elephant (D:9)
  3 gargoyles (D:10)
  A komodo dragon (D:10)
  A troll (D:10)
  2 hornets
  Sigmund (D:4)
  2 wraiths (D:10)
  3 shadows
  5 yaks (D:10)
  5 wyverns
  A vampire (D:8)
  2 basilisks (D:10)
  5 vampire mosquitoes
  2 steam dragons (D:8)
  A warg (D:9)
  3 water moccasins
  Duvessa (D:7)
  3 ice beasts
  A sky beast (D:6)
  13 orc warriors
  A black bear (D:4)
  6 ogres
  4 phantoms
  6 centaurs
  5 kobold brigands
  5 bullfrogs
  2 gnoll sergeants (D:10)
  3 scorpions
  14 wights
  Dowan (D:7)
  5 killer bees (D:9)
  A howler monkey (D:10)
  3 jellies
  3 hounds
  10 orc priests
  2 sleepcaps
  An iguana (D:6)
  8 orc wizards
  4 gnolls
  12 adders
  A white imp (D:7)
  2 worms
  46 orcs
  5 endoplasms
  7 goblins
  6 hobgoblins
  3 jackals (D:3)
  5 quokkas
  8 ball pythons
  3 bats (D:2)
  2 frilled lizards
  22 kobolds
  5 rats
275 creatures vanquished.

Notes
Turn   | Place    | Note
-------+----------+-------------------------------------------
     0 | D:1      | Jase the Hill Orc Fighter began the quest for the Orb.
     0 | D:1      | Reached XP level 1. HP: 19/19 MP: 1/1
   211 | D:1      | Found a faded altar of an unknown god.
   496 | D:1      | Reached skill level 3 in Axes
   693 | D:2      | Noticed an orc wizard
   719 | D:2      | Killed an orc wizard
   720 | D:2      | Reached XP level 2. HP: 11/27 MP: 2/2
   720 | D:2      | Reached XP level 3. HP: 13/33 MP: 3/3
   837 | D:2      | Reached skill level 4 in Axes
  1117 | D:2      | Found a runed translucent door.
  1118 | D:2      | Noticed Crazy Yiuf
  1558 | D:3      | Reached XP level 4. HP: 40/40 MP: 4/4
  2057 | D:3      | Noticed a scorpion
  2061 | D:3      | Killed a scorpion
  2062 | D:3      | Reached skill level 5 in Axes
  2062 | D:3      | Reached XP level 5. HP: 47/47 MP: 5/5
  2328 | D:4      | Noticed an ogre
  2405 | D:4      | Killed an ogre
  2406 | D:4      | Reached skill level 5 in Fighting
  2406 | D:4      | Reached skill level 6 in Axes
  2406 | D:4      | Reached XP level 6. HP: 32/56 MP: 6/6
  2542 | D:4      | Noticed Sigmund
  2561 | D:4      | Killed Sigmund
  2562 | D:4      | Reached skill level 7 in Axes
  2562 | D:4      | Reached skill level 5 in Armour
  2562 | D:4      | Reached XP level 7. HP: 42/61 MP: 7/7
  2702 | D:1      | Prayed at the altar of an unknown god.
  2702 | D:1      | Became a worshipper of Qazlal Stormbringer
  2702 | D:1      | Reached * piety under Qazlal
  3202 | D:4      | Reached skill level 1 in Invocations
  3432 | D:4      | Reached skill level 8 in Axes
  3613 | D:4      | Reached XP level 8. HP: 59/70 MP: 8/10
  3769 | D:5      | Entered Level 5 of the Dungeon
  3935 | D:5      | Found Tosi's Magic Scroll Boutique.
  3959 | D:5      | Bought a scroll of identify for 24 gold pieces
  3959 | D:5      | Bought a scroll of noise for 12 gold pieces
  3967 | D:5      | Bought a scroll of silence for 114 gold pieces
  3979 | D:5      | Found Jazathrem's General Store.
  4039 | D:5      | Reached skill level 9 in Axes
  4304 | D:5      | Bought a scroll of amnesia for 48 gold pieces
  4341 | D:5      | Found Renkyope's Jewellery Shoppe.
  4480 | D:5      | Reached ** piety under Qazlal
  4701 | D:5      | Bought a scroll of butterflies for 48 gold pieces
  4758 | D:5      | Found Quggexio's Weapon Boutique.
  5273 | D:6      | Reached skill level 10 in Axes
  5273 | D:6      | Reached XP level 9. HP: 65/79 MP: 12/12
  5315 | D:6      | Found a runed translucent gate.
  5315 | D:6      | Found a runed translucent gate.
  5316 | D:6      | Found a runed translucent gate.
  5316 | D:6      | Noticed a kobold demonologist
  5317 | D:6      | Noticed Huckebein's ghost (novice NaDe)
  5416 | D:6      | Reached skill level 5 in Invocations
  5462 | D:6      | Found a sacrificial altar of Ru.
  5462 | D:6      | Found an ancient bone altar of Kikubaaqudgha.
  5463 | D:6      | Found a hazy altar of Hepliaklqana.
  5798 | D:6      | Reached skill level 11 in Axes
  6236 | D:7      | Noticed Duvessa
  6236 | D:7      | Noticed Dowan
  6246 | D:7      | Killed Dowan
  6247 | D:7      | Killed Duvessa
  6351 | D:5      | Bought a scroll of vulnerability for 48 gold pieces
  6716 | D:7      | Found a flagged portal.
  6746 | Bailey   | Entered a bailey
  6900 | Bailey   | Reached skill level 12 in Axes
  6900 | Bailey   | Reached XP level 10. HP: 57/90 MP: 13/15
  7222 | Bailey   | Identified the ring "Nesaemui" {rElec rF- rC++ MP-9 AC+4}
  7490 | D:7      | Found a staircase to the Ecumenical Temple.
  7566 | D:7      | Noticed Pikel
  7573 | D:7      | Killed Pikel
  8090 | D:8      | Reached *** piety under Qazlal
  8139 | D:8      | Reached skill level 13 in Axes
  8606 | D:5      | Bought the ring "Ytitarac" {Fly rPois AC+4 SInv} for 535
                  | gold pieces
  8692 | D:8      | Found a white marble altar of Elyvilon.
  9057 | D:8      | Reached XP level 11. HP: 43/99 MP: 17/17
  9426 | D:9      | Found a staircase to the Orcish Mines.
  9446 | D:9      | Reached skill level 14 in Axes
  9599 | D:9      | Noticed an obsidian statue
  9803 | D:9      | Reached **** piety under Qazlal
 10103 | D:9      | Reached skill level 10 in Fighting
 10207 | D:9      | Found a glowing silver altar of Zin.
 10329 | D:10     | Entered Level 10 of the Dungeon
 10329 | D:10     | Found a staircase to the Lair.
 10487 | D:9      | Found a basalt altar of Yredelemnul.
 10822 | D:10     | Noticed Erolcha
 10841 | D:10     | Killed Erolcha
 11021 | D:10     | Noticed a two-headed ogre
 11078 | D:10     | Killed a two-headed ogre
 11079 | D:10     | Reached skill level 15 in Axes
 11587 | D:10     | Noticed a two-headed ogre
 11598 | D:10     | Killed a two-headed ogre
 11599 | D:10     | Reached skill level 10 in Invocations
 11681 | D:10     | Noticed a centaur warrior
 11693 | D:10     | Killed a centaur warrior
 11694 | D:10     | Reached skill level 10 in Armour
 11700 | D:10     | Noticed a boulder beetle
 11712 | D:10     | Reached XP level 12. HP: 84/109 MP: 19/19
 11728 | D:10     | Noticed a catoblepas
 11742 | D:10     | Killed a boulder beetle
 11743 | D:10     | Reached skill level 16 in Axes
 11749 | D:10     | Killed a catoblepas
 11937 | D:10     | Reached skill level 1 in Ranged Weapons
 12063 | D:10     | Noticed a two-headed ogre
 12080 | D:10     | Killed a two-headed ogre
 12086 | D:10     | Reached ***** piety under Qazlal
 12098 | D:10     | Noticed a boulder beetle
 12104 | D:10     | Killed from afar by an acid dragon

Illustrated notes

Levels and vault maps discovered:
D:1:      dpeg_arrival_houses_and_road, layout_loops_ring,
          hellmonk_ecumenical_altar_crossroads
D:2:      layout_loops_ring, uniq_crazy_yiuf_cottage
D:3:      layout_loops_ring, ebering_dispersal_statue_hall
D:4:      minmay_opposing_rooms, layout_basic, st_stairs_7, uniq_sigmund
D:5:      layout_gridville, serial_shops, shop_fountains,
          nicolae_shop_tiny_real_fake_doors, shop, shop, kennysheep_flooded_box,
          minmay_between
D:6:      layout_basic, chequers_temple_overflow_statue_of_worship,
          gammafunk_ghost_nasty_kobolds, kennysheep_generic_room_10
D:7:      layout_basic, minmay_temple_entry_gardened_gates, enter_bailey_7,
          minivault_11, uniq_pikel, uniq_duvessa
D:8:      layout_basic, elyvilon_altar_1, minmay_manual_mullet
D:9:      layout_stronghold, mainiacjoe_overflow_catwalk_spiral, david_orc_3,
          minmay_statue_bubble
D:10:     minmay_the_grid_octo_tiled_octocenter
          [minmay_the_grid_octo_vomiting_pacman, minmay_the_grid_octo_pinwheel,
          minmay_the_grid_octo_empty, minmay_the_grid_octo_odd_swirl,
          minmay_the_grid_octo_prize_star, minmay_the_grid_square_5x5_inner_i,
          minmay_the_grid_square_5x5_checkered,
          minmay_the_grid_square_5x5_two_walls_b,
          minmay_the_grid_square_5x5_dogpile], layout_small_grid,
          david_lair_generic, serial_shops, nicolae_shop_mannequins,
          uniq_erolcha

Skill      XL: |  1  2  3  4  5  6  7  8  9 10 11 12 |
---------------+-------------------------------------+-----
Axes           | 3 4 5 6 7 8 10 12 13 15 16 | 16.0
Fighting       | 4 5 6 7 8 9 11 | 11.6
Armour         | 4 5 6 7 8 10 | 10.7
Invocations    | 2 4 6 8 10 11 | 11.1
Ranged Weapons | 2 |  2.3
Shields        | |  3.2

Action                     |  1- 3 |  4- 6 |  7- 9 | 10-12 || total
---------------------------+-------+-------+-------+-------++-------
  Melee: War axe           |    73 |   106 |   301 |   536 ||  1016
         Punch             |       |       |       |     8 ||     8
   Fire: Triple crossbow   |       |       |    22 |       ||    22
  Throw: Dart              |       |     2 |       |       ||     2
 Invoke: Upheaval          |       |       |     3 |     3 ||     6
    Use: Potion            |       |     1 |       |     3 ||     4
         Scroll            |       |       |     8 |     4 ||    12
 Armour: Scale mail        |    31 |    23 |    72 |   102 ||   228
         Plate armour      |       |       |       |    95 ||    95
  Dodge: Dodged            |    40 |    65 |   148 |   288 ||   541
         Repelled          |       |       |       |     4 ||     4
  Block: Buckler           |    12 |    20 |    78 |       ||   110
         Other             |       |       |     2 |    81 ||    83
